 Dungeon Crawl Stone Soup version 0.29-a0-9-g022ca4c890 (webtiles) character file.

Game seed: 15005215960934468933

77234 dolemite99 the Severer (level 15, -45/135 HPs)
             Began as a Minotaur Fighter on Jan 28, 2022.
             Was the Champion of Cheibriados.
             Splashed with acid (78 damage)
             ... in an ice cave.
             The game lasted 00:34:32 (23827 turns).

dolemite99 the Severer (Minotaur Fighter)          Turns: 23827, Time: 00:34:32

Health: -45/135    AC: 26    Str: 37    XL:     15   Next: 14%
Magic:  21/21      EV: 18    Int: 20    God:    Cheibriados [******]
Gold:   1261       SH: 21    Dex: 36    Spells: 14/14 levels left

rFire   + . .      SeeInvis +   a - +2 broad axe (freeze)
rCold   + . .      Faith    .   H - +0 kite shield of the Apothecary {Dex+5 Slay+2}
rNeg    . . .      Spirit   .   G - +3 chain mail
rPois   .          Reflect  +   Q - +0 hat {Stlth+}
rElec   .          Harm     .   l - scarf {rC+ rF+}
rCorr   .          Rampage  .   m - +2 pair of gloves
Will    +....                   D - +2 pair of boots
Stlth   +.........              U - amulet of reflection
HPRegen 0.32/turn               k - ring of see invisible
MPRegen 0.17/turn               z - +4 ring of protection {=R}

@: very slow
A: horns 2, retaliatory headbutt
a: Renounce Religion, Bend Time, Temporal Distortion, Slouch, Step From Time


You were in an ice cave.
You worshipped Cheibriados.
Cheibriados was exalted by your worship.
You visited 3 branches of the dungeon, and saw 20 of its levels.
You also visited: Ice Cave.

You collected 2098 gold pieces.
You spent 837 gold pieces at shops.

Inventory:

Hand Weapons
 a - a +2 broad axe of freezing (weapon)
 b - a +2 trident of freezing
 s - a +0 broad axe
 F - a +6 war axe of electrocution
Missiles
 c - 4 throwing nets
 p - 458 stones
 x - 16 poisoned darts
 I - 8 javelins (quivered)
 V - 4 silver javelins
Armour
 l - a scarf of resistance (worn)
 m - a +2 pair of gloves (worn)
 o - a scarf of repulsion
 D - a +2 pair of boots (worn)
 G - a +3 chain mail (worn)
 H - the +0 kite shield of the Apothecary (worn) {Dex+5 Slay+2}
   (You bought it in a shop on level 9 of the Dungeon)

   Dex:       It affects your dexterity (+5).
   Slay:      It affects your accuracy & damage with ranged weapons and melee
   (+2).
 Q - a +0 hat of stealth (worn)
Jewellery
 d - a ring of ice
 h - a ring of wizardry
 k - a ring of see invisible (left hand)
 q - a +4 ring of evasion
 z - a +4 ring of protection (right hand) {=R}
 E - a ring of resist corrosion
 U - an amulet of reflection (around neck)
Wands
 i - a wand of polymorph (14)
 v - a wand of iceblast (4)
 y - a wand of mindburst (22)
 K - a wand of digging (5)
 N - a wand of paralysis (3)
 P - a wand of acid (8)
 Z - a wand of flame (6)
Scrolls
 n - 3 scrolls of blinking
 w - a scroll of holy word
 A - 5 scrolls of magic mapping
 L - a scroll of identify {@r1}
 M - 6 scrolls of teleportation
 R - 2 scrolls of fear
 T - 3 scrolls of fog
 W - 3 scrolls of vulnerability
Potions
 e - 2 potions of cancellation
 f - 4 potions of flight
 g - 3 potions of might
 j - 5 potions of haste
 r - 3 potions of ambrosia
 t - 8 potions of curing
 u - a potion of invisibility
 B - 4 potions of brilliance
 C - 2 potions of magic
 J - 2 potions of attraction
 X - a potion of resistance
Miscellaneous
 O - a phial of floods (inert)
 S - a tin of tremorstones (inert)
 Y - a condenser vane (inert)


   Skills:
 - Level 13.0 Fighting
 - Level 15.8(16.0) Axes
 - Level 4.3(11.2) Polearms
 + Level 11.0 Throwing
 - Level 12.2 Armour
 - Level 8.5 Dodging
 - Level 10.3 Shields
 - Level 10.0 Invocations
 - Level 5.0 Evocations


You had 14 spell levels left.
You didn't know any spells.
Your spell library contained the following spells:

 Spells                   Type           Power      Damage    Failure   Level
 Beastly Appendage        Tmut           0%         N/A       77%         1
 Sandblast                Erth           0%         2d4       77%         1
 Passwall                 Tmut/Erth      0%         N/A       88%         2
 Wereblood                Tmut           0%         N/A       88%         2
 Confusing Touch          Hex            0%         N/A       98%         3
 Dazzling Flash           Conj/Hex       0%         N/A       98%         3
 Frozen Ramparts          Ice            0%         1d2       98%         3
 Portal Projectile        Hex/Tloc       0%         N/A       98%         3
 Spider Form              Tmut/Pois      0%         N/A       98%         3
 Stone Arrow              Conj/Erth      0%         3d7       98%         3
 Tukima's Dance           Hex            0%         N/A       98%         3
 Anguish                  Hex/Necr       0%         N/A       100%        4
 Animate Dead             Necr           0%         N/A       100%        4
 Ice Form                 Ice/Tmut       0%         N/A       100%        4
 Olgreb's Toxic Radiance  Pois           0%         N/A       100%        4
 Passage of Golubria      Tloc           0%         N/A       100%        4
 Summon Ice Beast         Ice/Summ       0%         N/A       100%        4
 Agony                    Necr           0%         N/A       100%        5
 Blade Hands              Tmut           0%         N/A       100%        5
 Excruciating Wounds      Necr           0%         N/A       100%        5
 Iskenderun's Battlesphe  Conj           0%         2d6       100%        5
 Silence                  Hex/Air        0%         N/A       100%        5
 Summon Mana Viper        Hex/Summ       0%         N/A       100%        5
 Yara's Violent Unravell  Hex/Tmut       0%         3d3       100%        5
 Iron Shot                Conj/Erth      0%         9d1       100%        6
 Statue Form              Tmut/Erth      0%         N/A       100%        6
 Enfeeble                 Hex            0%         N/A       100%        7
 Haunt                    Necr/Summ      0%         N/A       100%        7
 Malign Gateway           Summ/Tloc      0%         N/A       100%        7
 Monstrous Menagerie      Summ           0%         N/A       100%        7
 Ozocubu's Refrigeration  Ice            0%         4d5       100%        7
 Spellforged Servitor     Conj/Summ      0%         N/A       100%        7
 Ignition                 Fire           0%         3d3       100%        8
 Infestation              Necr           0%         N/A       100%        8
 Lehudib's Crystal Spear  Conj/Erth      0%         10d2      100%        8
 Summon Horrible Things   Summ           0%         N/A       100%        8


Dungeon Overview and Level Annotations

Branches:
Dungeon (13/15)            Temple (0/1) D:6            Lair (6/6) D:9
  Swamp (0/4) Lair:4       Spider (0/4) Lair:2        Slime (0/5) Lair:5
    Orc (1/2) D:11          IceCv (1/1)
 Vaults: D:13-14

Altars:
Cheibriados
Dithmenos
Fedhas
Gozag
Hepliaklqana
Makhleb
Nemelex Xobeh
Xom
Zin

Shops:
D:2 *   D:8 [   D:9 [[::[   D:12 [[([*   Orc:1 =

Portals:
Trove: D:12 (give +3 shadow dragon scales)

Annotations:
D:9 exclusion: downstairs
D:13 1 runed translucent door, Wipuing's ghost, journeyman MiBe
Lair:2 exclusion: oklob plant
Orc:1 3 runed translucent doors, Deinemn's ghost, journeyman MiBe; Rachuaq's ghost, adept GnSk; Yqeill's ghost, journeyman DjFE


Innate Abilities, Weirdness & Mutations

You have a pair of horns on your head.
You reflexively headbutt those who attack you in melee.


Message History

The quicksilver ooze completely misses you.
A glowing shapeshifter simulacrum comes into view.
You hit the quicksilver ooze. You freeze the quicksilver ooze.
You kill the quicksilver ooze!
Cheibriados thoroughly appreciates the change of pace.
You slash the large slime creature! You freeze the large slime creature.
The walls melt the glowing shapeshifter simulacrum!
You block the large slime creature's attack.
Your Throwing skill increases to level 11!
You carve the large slime creature like a ham!!!
You freeze the large slime creature.
The large slime creature is heavily wounded.
You hit the large slime creature. You freeze the large slime creature.
You headbutt the large slime creature!
The large slime creature is severely wounded.
A large slime creature splits.
The wall melts the glowing shapeshifter simulacrum!
You slice the slime creature!! You freeze the slime creature.
You kill the slime creature!
Cheibriados thoroughly appreciates the change of pace.
You slash the slime creature! You freeze the slime creature.
You carve the glowing shapeshifter simulacrum like a ham!!!
The glowing shapeshifter simulacrum vaporises!
Cheibriados appreciates the change of pace.
You slice the slime creature!! You freeze the slime creature.
You kill the slime creature!
Cheibriados thoroughly appreciates the change of pace.
Cheibriados raises the support of your attributes as your movement slows.
No target in view!
No target in view!
No target in view!
You are splashed with acid!!
You are splashed with acid!!!
You see here a javelin.
I - 8 javelins (gained 1)
You are splashed with acid!!
* * * LOW HITPOINT WARNING * * *
You are splashed with acid!!!!
Ouch! That really hurt!
You die...

...### #.........###
.....### ##.########
.......#####.#####
##...............##
######...........####
#######........##
######.......##
.....####.....#
.......@......#
.....####.....# ...
......## . ......###
......### ######


There were no monsters in sight!

Vanquished Creatures
  Gastronok (Lair:3)
  A quicksilver ooze (IceCv)
  2 fire dragons (Lair:6)
  Fannar (Lair:3)
  Harold (Orc:1)
  2 boulder beetles
  3 catoblepae
  7 hydras
  3 centaur warriors
  3 two-headed ogres
  13 death yaks
  A death knight (D:10)
  An orc high priest (Orc:1)
  A skeletal warrior (D:12)
  A swamp dragon (Lair:6)
  2 bog bodies (Lair:4)
  A wizard (D:9)
  An orc knight (Orc:1)
  A lindwurm (Lair:6)
  A cyclops (D:12)
  3 ugly things
  2 manticores
  4 black mambas
  An ice statue (IceCv)
  11 elephants (Lair:5)
  A gargoyle (D:12)
  6 cane toads
  5 torpor snails (Lair:6)
  10 komodo dragons
  An unseen horror (D:13)
  5 rime drakes
  2 tengu conjurers (D:11)
  An efreet (D:11)
  An entropy weaver simulacrum (IceCv)
  A meliai (shapeshifter) (D:13)
  8 hornets
  4 tyrant leeches (Lair:6)
  29 slime creatures
  Prince Ribbit (D:6)
  5 trolls
  8 blink frogs
  4 polar bears
  A meliai zombie (D:11)
  A shadow (D:10)
  3 vampires
  37 yaks
  A wraith (D:10)
  3 wyverns
  Eustachio (D:5)
  5 large abominations (D:9)
  4 vampire mosquitoes (D:13)
  8 basilisks
  3 steam dragons
  2 swamp worms (Lair:4)
  6 acid dragons
  2 demonic crawler simulacra (IceCv)
  13 water moccasins
  13 orc warriors
  2 sky beasts
  A swamp drake (Lair:6)
  3 ice beasts (D:6)
  3 ogres
  4 black bears
  2 necrophages (D:6)
  7 small abominations (D:9)
  An ugly thing simulacrum (IceCv)
  21 wolves
  9 centaurs
  A phantom (D:6)
  14 bullfrogs
  3 kobold brigands
  A gnoll sergeant (D:9)
  3 scorpions
  6 glowing shapeshifter simulacra (IceCv)
  A water moccasin zombie (D:5)
  8 killer bees (D:11)
  12 wights
  An electric eel (Lair:4)
  3 howler monkeys
  2 centaur zombies
  2 hounds
  12 orc priests
  2 bullfrog skeletons
  4 centaur skeletons
  11 iguanas
  16 orc wizards
  2 hell rats (D:9)
  A hound skeleton (D:4)
  6 gnolls
  2 river rats (D:9)
  8 adders
  2 shadow imps
  An ufetubus (D:6)
  7 dart slugs
  56 orcs
  3 bats (D:1)
  4 endoplasms
  6 giant cockroaches
  11 goblins
  5 hobgoblins
  16 kobolds
  3 quokkas
  6 ball pythons
  2 frilled lizards (D:2)
  5 rats
  A toadstool (D:3)
565 creatures vanquished.

Vanquished Creatures (others)
  A killer bee (D:11)
  An orc wizard (D:4)
  25 fungi
  43 plants
  3 toadstools (D:3)
73 creatures vanquished.

Grand Total: 638 creatures vanquished

Notes
Turn   | Place    | Note
-------+----------+-------------------------------------------
     0 | D:1      | dolemite99 the Minotaur Fighter began the quest for the
                  | Orb.
     0 | D:1      | Reached XP level 1. HP: 19/19 MP: 0/0
   117 | D:1      | Reached skill level 3 in Axes
   181 | D:1      | Reached XP level 2. HP: 26/26 MP: 1/1
   397 | D:1      | Reached skill level 4 in Axes
   744 | D:2      | Reached XP level 3. HP: 16/31 MP: 2/2
  1131 | D:2      | Found Zuel's General Store.
  1139 | D:2      | Bought a potion of lignification for 33 gold pieces
  1139 | D:2      | Bought a potion of lignification for 33 gold pieces
  1448 | D:2      | You fall into a shaft and drop 2 floors!
  1478 | D:4      | Reached skill level 5 in Axes
  1478 | D:4      | Reached XP level 4. HP: 28/39 MP: 3/3
  1572 | D:4      | Found a sparkling altar of Nemelex Xobeh.
  1662 | D:3      | Reached skill level 6 in Axes
  1843 | D:3      | Reached XP level 5. HP: 37/45 MP: 2/4
  1844 | D:3      | Found a burning altar of Makhleb.
  1848 | D:3      | Found a shimmering altar of Xom.
  1848 | D:3      | Found a snail-covered altar of Cheibriados.
  1859 | D:3      | Became a worshipper of Cheibriados the Contemplative
  2533 | D:4      | Reached skill level 7 in Axes
  2774 | D:4      | Reached XP level 6. HP: 37/51 MP: 5/5
  2780 | D:4      | Reached skill level 8 in Axes
  2951 | D:4      | Reached * piety under Cheibriados
  3261 | D:5      | Entered Level 5 of the Dungeon
  3365 | D:5      | Noticed Eustachio
  3376 | D:5      | Killed Eustachio
  3377 | D:5      | Reached skill level 9 in Axes
  3377 | D:5      | Reached XP level 7. HP: 57/57 MP: 6/6
  3543 | D:5      | Reached skill level 10 in Axes
  4114 | D:5      | Found a hazy altar of Hepliaklqana.
  4621 | D:6      | Reached skill level 11 in Axes
  4649 | D:6      | Reached XP level 8. HP: 41/64 MP: 4/7
  4761 | D:6      | Found a staircase to the Ecumenical Temple.
  4774 | D:6      | Reached ** piety under Cheibriados
  4817 | D:6      | Reached skill level 12 in Axes
  4912 | D:6      | Reached skill level 13 in Axes
  4924 | D:6      | Reached skill level 14 in Axes
  4924 | D:6      | Reached XP level 9. HP: 70/70 MP: 6/8
  5511 | D:6      | Reached *** piety under Cheibriados
  5537 | D:6      | Noticed a two-headed ogre
  5545 | D:6      | Killed a two-headed ogre
  5546 | D:6      | Reached skill level 15 in Axes
  5844 | D:6      | Found a shadowy altar of Dithmenos.
  5854 | D:6      | Reached skill level 1 in Invocations
  5863 | D:6      | Noticed Prince Ribbit
  5876 | D:6      | Killed Prince Ribbit
  7255 | D:7      | Reached skill level 5 in Invocations
  7255 | D:7      | Reached XP level 10. HP: 73/77 MP: 12/12
  7919 | D:8      | Reached skill level 5 in Armour
  8300 | D:8      | Found Ytixt's Antique Armour Emporium.
  8301 | D:8      | Noticed a two-headed ogre
  8314 | D:8      | Killed a two-headed ogre
  8599 | D:8      | Bought a runed chain mail for 187 gold pieces
  8690 | D:8      | Identified the +6 hunting sling "Hokliff" {flame, Contam
                  | Fly Dex+2}
  8886 | D:9      | Noticed a death yak
  8889 | D:9      | Noticed a death yak
  8909 | D:8      | Killed a death yak
  8910 | D:8      | Reached skill level 5 in Fighting
  9208 | D:9      | Found Ohaelal's Armour Emporium.
  9213 | D:8      | Reached **** piety under Cheibriados
  9398 | D:10     | Entered Level 10 of the Dungeon
  9713 | D:9      | Found Payzacua's Book Shop.
  9759 | D:9      | Found a staircase to the Lair.
  9770 | D:9      | Noticed a death yak
  9785 | D:9      | Killed a death yak
  9791 | D:9      | Killed a death yak
  9792 | D:9      | Reached XP level 11. HP: 71/99 MP: 10/13
  9970 | D:9      | Reached skill level 10 in Fighting
 10021 | D:9      | Found Haipp's Armour Shoppe.
 10076 | D:9      | Bought the +0 kite shield of the Apothecary {Dex+5 Slay+2}
                  | for 395 gold pieces
 10108 | D:9      | Noticed a wizard
 10108 | D:9      | Noticed a large abomination
 10119 | D:9      | Killed a wizard
 10120 | D:9      | Reached skill level 5 in Shields
 10122 | D:9      | Killed a large abomination
 10146 | D:9      | Reached ***** piety under Cheibriados
 10204 | D:9      | Identified the +1 plate armour of Oblivion {Rampage *Slow
                  | Str+3}
 10206 | D:9      | Got Sif Muna's Tome of Shifting Lightness
 10265 | D:9      | Found Arohacej's Book Emporium.
 10292 | D:9      | Found Naghaec's Antique Armour Shoppe.
 10382 | D:9      | Found a glowing silver altar of Zin.
 10408 | D:9      | Found an opulent altar of Gozag.
 10570 | D:10     | Noticed a centaur warrior
 10575 | D:10     | Killed a centaur warrior
 10581 | D:10     | Noticed a brown ugly thing
 10581 | D:10     | Noticed a death knight
 10589 | D:10     | Killed a brown ugly thing
 10594 | D:10     | Noticed a seven-headed hydra
 10617 | Lair:1   | Entered Level 1 of the Lair of Beasts
 10877 | Lair:1   | Reached skill level 10 in Shields
 11518 | Lair:2   | Noticed a catoblepas
 11518 | Lair:2   | Noticed a catoblepas
 11533 | Lair:2   | Killed a catoblepas
 11538 | Lair:2   | Killed a catoblepas
 11539 | Lair:2   | Reached XP level 12. HP: 74/106 MP: 5/16
 12340 | Lair:2   | Found a hole to the Spider Nest.
 12376 | Lair:2   | Reached skill level 1 in Polearms
 12419 | Lair:2   | Found a blossoming altar of Fedhas.
 13116 | Lair:3   | Reached skill level 1 in Evocations
 13281 | Lair:3   | Noticed an eight-headed hydra
 13288 | Lair:3   | Killed an eight-headed hydra
 13293 | Lair:3   | Noticed Fannar
 13306 | Lair:3   | Killed Fannar
 13542 | Lair:3   | Reached skill level 5 in Evocations
 13573 | Lair:3   | Reached ****** piety under Cheibriados
 13787 | Lair:3   | Noticed Gastronok
 13814 | Lair:3   | Killed Gastronok
 14509 | Lair:4   | Noticed a catoblepas
 14523 | Lair:4   | Killed a catoblepas
 14544 | Lair:4   | Noticed a death yak
 14545 | Lair:4   | Noticed a death yak
 14545 | Lair:4   | Noticed a death yak
 14547 | Lair:4   | Noticed a death yak
 14549 | Lair:4   | Noticed a death yak
 14550 | Lair:4   | Noticed a death yak
 14553 | Lair:4   | Killed a death yak
 14555 | Lair:4   | Killed a death yak
 14555 | Lair:4   | Killed a death yak
 14556 | Lair:4   | Reached skill level 10 in Invocations
 14556 | Lair:4   | Reached XP level 13. HP: 114/114 MP: 3/19
 15872 | Lair:4   | Found a staircase to the Swamp.
 16250 | Lair:5   | Reached skill level 10 in Armour
 16621 | Lair:5   | Found a staircase to the Slime Pits.
 17106 | Lair:6   | Entered Level 6 of the Lair of Beasts
 17146 | Lair:6   | Reached skill level 1 in Dodging
 17446 | Lair:6   | Reached skill level 5 in Dodging
 17709 | Lair:6   | Reached XP level 14. HP: 124/129 MP: 20/20
 18484 | Lair:6   | Found a runed translucent door.
 18664 | Lair:6   | Reached skill level 1 in Throwing
 19162 | D:2      | Bought a throwing net for 33 gold pieces
 19264 | D:9      | Bought a scarf of repulsion for 156 gold pieces
 19453 | D:10     | Identified the +7 short sword "Idofas" {drain, +Blink}
 20175 | D:10     | Reached skill level 5 in Throwing
 20527 | D:11     | Found the +0 staff of Battle
 20686 | D:11     | Found a staircase to the Orcish Mines.
 21002 | D:12     | Found Wotaaps's Weapon Shoppe.
 21050 | D:12     | Found Juotigahac's Armour Shoppe.
 21074 | D:12     | Found Rytsong's General Store.
 21245 | D:12     | Found Widgh's Armour Emporium.
 21374 | D:12     | Found Sudaith's Armour Boutique.
 21391 | D:12     | Found a portal to a secret trove of treasure.
 21638 | D:12     | Found a faded altar of an unknown god.
 21648 | D:12     | Found a hazy altar of Hepliaklqana.
 22205 | D:13     | Found a runed translucent door.
 22206 | D:13     | Noticed Wipuing's ghost (journeyman MiBe)
 22206 | D:13     | Identified the +5 spear of Division {vorpal, rN+ Stlth+}
 22711 | Orc:1    | Entered Level 1 of the Orcish Mines
 22711 | Orc:1    | Noticed Harold
 22711 | Orc:1    | Found Keroutoa's Jewellery Shoppe.
 22734 | Orc:1    | Killed Harold
 23053 | Orc:1    | Found a runed translucent gate.
 23053 | Orc:1    | Found a runed translucent gate.
 23053 | Orc:1    | Found a runed translucent gate.
 23090 | Orc:1    | Noticed Deinemn's ghost (journeyman MiBe)
 23090 | Orc:1    | Noticed Yqeill's ghost (journeyman DjFE)
 23090 | Orc:1    | Noticed Rachuaq's ghost (adept GnSk)
 23107 | Orc:1    | Found a frozen archway.
 23115 | IceCv    | Entered an ice cave
 23148 | IceCv    | Reached skill level 10 in Throwing
 23153 | IceCv    | Reached XP level 15. HP: 135/135 MP: 21/21
 23827 | IceCv    | Splashed with acid

Illustrated notes

Levels and vault maps discovered:
D:1:      denvon_arrival_hothouse, layout_loops_cross
D:2:      layout_basic, serial_shops, shop, basic_altar, patterned_corridor
D:3:      minmay_recursive_quarters, layout_rooms, grunt_temple_overflow_open,
          minmay_gold_behind_fungi
D:4:      layout_basic, lemuel_doored_altar
D:5:      layout_loops_corners, lemuel_coloured_pillars_altar, uniq_eustachio
D:6:      layout_cave_pods, mainiacjoe_overflow_six_doors_small,
          minmay_temple_entry_wispy, minmay_alternating_orb, uniq_prince_ribbit1
D:7:      layout_basic
D:8:      layout_gridville, serial_shops, nicolae_diamond_shop
D:9:      layout_rooms, pdpol_temple_overflow_zin_treasury_gozag_greed,
          dpeg_lair_monsters, serial_shops, nicolae_shop_crystal,
          nicolae_shop_temple_entry_statues_fountains, nicolae_shop_crystal,
          shop_statue, nicolae_shop_waterfront, minivault_1, laboratory
D:10:     minmay_cut_squares, layout_loops_ring
D:11:     layout_roguey, david_orc_2, hellmonk_guarded_unrand_staff_of_battle
D:12:     layout_irregular_city, nicolae_trove_entry_isolated, serial_shops,
          shop, nicolae_lakefront_shop, shop, shop,
          nicolae_shop_bloodbath_and_beyond, beargit_hepliaklqana_dungeon_heroes
D:13:     layout_irregular_city, ebering_ghost_funeral_grove
Lair:1:   layout_gridlike, grunt_megastairs_1
Lair:2:   nzn_winding_woodlands_cross [nzn_winding_woodlands_5x15_sawtooth,
          nzn_winding_woodlands_5x15_zeroes, nzn_winding_woodlands_5x15_garden,
          nzn_winding_woodlands_5x15_cabin,
          nzn_winding_woodlands_15x15_killbox], layout_layer_cave,
          spider_nest_entry_web_field, lemuel_oklob_altar
Lair:3:   layout_small_grid, gauntlet_entry_generic, uniq_gastronok, uniq_fannar
Lair:4:   layout_regular_city, nicolae_swamp_entry_splash_gauntlet, minivault_26
Lair:5:   layout_gridlike, dpeg_slime_entry_corner, lemuel_fruit_tree,
          lemuel_fruit_fields
Lair:6:   wormcave, layout_regular_city, guppyfry_lair_end_dragon,
          grunt_megastairs_5
Orc:1:    layout_caves, serial_shops, shop, portal_ice_cave_rime,
          gammafunk_ghost_cemetery, uniq_harold
IceCv:    ice_cave_hellmonk_azure_passage

Skill      XL: |  1  2  3  4  5  6  7  8  9 10 11 12 13 14 15 |
---------------+----------------------------------------------+-----
Axes           | 3 4 5 6 7 9 11 14 15 | 15.8
Invocations    | 5 6 10 | 10.0
Shields        | 4 10 | 10.3
Armour         | 6 8 9 12 | 12.2
Fighting       | 9 10 13 | 13.0
Polearms       | 4 |  4.3
Evocations     | 5 |  5.0
Dodging        | 5 8 |  8.5
Throwing       | 10 11 | 11.0

Action                   |  1- 3 |  4- 6 |  7- 9 | 10-12 | 13-15 || total
-------------------------+-------+-------+-------+-------+-------++-------
Melee: War axe           |    86 |   119 |   169 |   322 |   474 ||  1170
       Headbutt          |     9 |    19 |    28 |    83 |   148 ||   287
       Trident           |       |       |       |     3 |    14 ||    17
       Broad axe         |       |       |       |       |    32 ||    32
Throw: Dart              |    29 |    11 |    47 |   142 |   106 ||   335
       Stone             |       |    19 |     8 |       |       ||    27
       Javelin           |       |       |       |       |    51 ||    51
Invok: Temporal Distorti |       |       |     1 |       |     3 ||     4
       Slouch            |       |       |       |     4 |     8 ||    12
Evoke: Wand              |       |       |       |     3 |    31 ||    34
       Phial of floods   |       |       |       |     1 |     3 ||     4
       Condenser vane    |       |       |       |       |     3 ||     3
       Tin of tremorston |       |       |       |       |     4 ||     4
  Use: Scroll            |     2 |     9 |     5 |    13 |    13 ||    42
       Potion            |       |       |     4 |     2 |     7 ||    13
 Stab: Paralysed         |       |       |       |       |     2 ||     2
       Invisible         |       |       |       |       |     1 ||     1
Armor: Scale mail        |    46 |    21 |       |       |       ||    67
       Chain mail        |       |    40 |    54 |    90 |   141 ||   325
       Skin              |       |       |    18 |       |       ||    18
Dodge: Dodged            |    50 |    31 |    45 |    69 |   149 ||   344
       Repelled          |       |       |       |       |     2 ||     2
Block: Buckler           |    18 |    20 |    32 |    38 |       ||   108
       Kite shield       |       |       |       |   116 |   500 ||   616
       Reflection        |       |       |       |       |    23 ||    23

Table legend: (Time is in decaauts)
 A = Elapsed time spent in this place.
 B = Non-inter-level travel time spent in this place.
 C = Inter-level travel time spent in this place.
 D = Time resting spent in this place.
 E = Time spent auto-exploring this place.
 F = Levels seen in this place.
 G = Mean time per level.
                   A        B        C        D        E       F      G
               +--------+--------+--------+--------+--------+-----+--------+
         Total |  34120 |  32007 |   2113 |   4448 |  22395 |  21 | 1624.8 |
       Dungeon |  19552 |  18190 |   1362 |   2676 |  12510 |  13 | 1504.0 |
          Lair |  13162 |  12448 |    714 |   1467 |   9200 |   6 | 2193.7 |
  Orcish Mines |    560 |    524 |     36 |      3 |    366 |   1 |  560.0 |
      Ice Cave |    844 |    844 |      0 |    301 |    318 |   1 |  844.0 |
               +--------+--------+--------+--------+--------+-----+--------+

Top non-repeatable levels by time:
  Lair:6: 2933 daAuts
  Lair:2: 2814 daAuts
     D:7: 2361 daAuts
     D:6: 2356 daAuts
  Lair:4: 2335 daAuts
     D:9: 2030 daAuts
  Lair:5: 1982 daAuts
  Lair:3: 1870 daAuts
     D:5: 1800 daAuts
    D:10: 1614 daAuts
     D:8: 1562 daAuts
    D:12: 1536 daAuts
    D:13: 1501 daAuts
  Lair:1: 1226 daAuts
     D:4: 1204 daAuts
